 Dungeon Sprint DCSS version 0.19-a0-172-g3b1235c (webtiles) character file.

31 Kidiri the Skirmisher (level 3, -3/34 HPs)
             Began as a Hill Orc Fighter on May 22, 2016.
             Was a Believer of Beogh.
             Slain by a phantom (4 damage)
             ... in the Dungeon (Sprint VII: "The Pits").
             The game lasted 00:01:30 (279 turns).

Kidiri the Skirmisher (Hill Orc Fighter)             Turns: 279, Time: 00:01:31

Health: -3/34      AC:  7    Str: 19    XL:     3   Next: 22%
Magic:  4/4        EV:  7    Int:  8    God:    Beogh [**....]
Gold:   0          SH: 10    Dex: 10    Spells: 0 memorised, 2 levels left

rFire  . . .     SeeInvis .     a - +2 falchion
rCold  . . .     Gourm    .     b - +0 scale mail
rNeg   . . .     Faith    .     c - +0 shield
rPois  .         Spirit   .     (no helmet)
rElec  .         Dismiss  .     (no cloak)
rCorr  .         Reflect  .     (no gloves)
SustAt .         Harm     .     (no boots)
MR     .....     NoTele   +     (no amulet)
Stlth  ..........               (no ring)
                                (no ring)

@: very slightly contaminated, hasted, very quick, not resistant to hostile
enchantments, extremely unstealthy
A: no striking features
a: Smiting, Renounce Religion


You were in the Dungeon.
You worshipped Beogh.
Beogh was pleased with you.
You were not hungry.

You visited 1 branch

Inventory:

Hand Weapons
 a - a +2 falchion (weapon)
Armour
 b - a +0 scale mail (worn)
 c - a +0 shield (worn)
Scrolls
 k - a scroll of blinking
 p - 3 scrolls of remove curse
 q - 5 scrolls of amnesia
 r - a scroll of summoning
Potions
 d - a potion of might
 i - 4 potions of magic
 j - 3 potions of berserk rage
 o - 2 potions of invisibility
Comestibles
 f - 8 bread rations
 l - 4 chunks of flesh
 m - 40 fruits
 n - 7 meat rations


   Skills:
 * Level 4.6 Fighting
 * Level 3.5 Long Blades
 + Level 1.4 Throwing
 * Level 4.5 Armour
 + Level 1.2 Dodging
 * Level 4.2 Shields
 + Level 1.8 Invocations


You had 2 spell levels left.
You didn't know any spells.

Dungeon Overview and Level Annotations

Branches:
Dungeon (1/1)

Altars:
Ashenzari
Cheibriados
Dithmenos
Elyvilon
Fedhas
Gozag
Kikubaaqudgha
Makhleb
Nemelex Xobeh
Okawaru
Pakellas
Qazlal
Ru
Sif Muna
Trog
Vehumet
Xom
Yredelemnul
Zin
The Shining One
Beogh
Jiyva
Lugonu


Message History

You close the door.
You block the phantom's attack.
You barely miss the phantom.
The phantom is lightly damaged.
You block the phantom's attack.
You slash the phantom!
The phantom is moderately damaged.
The phantom hits you but does no damage.
You closely miss the phantom.
The phantom is moderately damaged.
You closely miss the phantom.
The phantom is moderately damaged.
You block the phantom's attack.
You miss the phantom.
The phantom is moderately damaged.
The phantom hits you!
* * * LOW HITPOINT WARNING * * *
You hit the phantom.
The phantom is heavily damaged.
The phantom hits you.
You die...

#_#)))#.#?(##......#..
#######+#####.........
#.......÷...'.........
#+#####'#####......#..
#...#)# #.........
#..÷#.# ####+#####
#...+.# #.......#
##+#### #.......#
#..@..# #.......#
#..W..# #...<...#
#........ #.......#
#........##.......#
###########.......#
#########


You could see a phantom.

Vanquished Creatures
  A gnoll (D)
  A river rat (D)
  An ufetubus (D)
  A bat (D)
  A bat skeleton (D)
  A goblin (D)
  A quokka (D)
  A ball python (D)
8 creatures vanquished.

Notes
Turn   | Place    | Note
--------------------------------------------------------------
     0 | D        | Kidiri the Hill Orc Fighter began the quest for the Orb.
     0 | D        | Reached XP level 1. HP: 19/19 MP: 1/1
    51 | D        | Found a sacrificial altar of Ru.
    51 | D        | Found a basalt altar of Yredelemnul.
    51 | D        | Found a shadowy altar of Dithmenos.
    51 | D        | Found a deep blue altar of Sif Muna.
    51 | D        | Found a burning altar of Makhleb.
    51 | D        | Found a shimmering altar of Xom.
    51 | D        | Found an ancient bone altar of Kikubaaqudgha.
    51 | D        | Found a sparkling altar of Nemelex Xobeh.
    52 | D        | Found a glowing golden altar of the Shining One.
    52 | D        | Found a bloodstained altar of Trog.
    52 | D        | Found a shattered altar of Ashenzari.
    52 | D        | Found a white marble altar of Elyvilon.
    52 | D        | Found a snail-covered altar of Cheibriados.
    52 | D        | Found a blossoming altar of Fedhas.
    52 | D        | Found a radiant altar of Vehumet.
    52 | D        | Found a glowing silver altar of Zin.
    52 | D        | Found a corrupted altar of Lugonu.
    52 | D        | Found a viscous altar of Jiyva.
    52 | D        | Found a roughly hewn altar of Beogh.
    52 | D        | Found an iron altar of Okawaru.
    53 | D        | Found an oddly glowing altar of Pakellas.
    58 | D        | Found a stormy altar of Qazlal.
    59 | D        | Found an opulent altar of Gozag.
    60 | D        | Became a worshipper of Beogh the Brigand
    90 | D        | Reached * piety under Beogh
    90 | D        | Reached skill level 1 in Invocations
    90 | D        | Reached XP level 2. HP: 27/27 MP: 2/2
   209 | D        | Noticed a phantom
   245 | D        | Reached skill level 1 in Throwing
   245 | D        | Reached skill level 1 in Dodging
   247 | D        | Reached ** piety under Beogh
   257 | D        | Reached XP level 3. HP: 6/34 MP: 4/4
   278 | D        | HP: 1/34 [phantom (7)]
   279 | D        | Slain by a phantom

Vault maps used:
D:        pitsprint

Skill      XL: |  1  2 |
---------------+-------+-----
Fighting       | 4 |  4.6
Long Blades    | 3 |  3.5
Armour         | 4 |  4.5
Invocations    | 1 |  1.8
Throwing       | 1 |  1.4
Dodging        | 1 |  1.2
Shields        | 4 |  4.2

Action                   || total
-------------------------++-------
Melee: Falchion          ||    67
       Long sword        ||     2
  Use: Potion            ||     3
Armor: Scale mail        ||    26
Dodge: Dodged            ||    24
Block: Shield            ||    37
